 Dungeon Crawl Stone Soup version 0.28-a0-612-gcfc00ec14d (webtiles) character file.

Game seed: 1189521363279884522

3992 ytrimaz the Cleaver (level 10, 0/86 HPs)
             Began as a Minotaur Berserker on Oct 5, 2021.
             Was an Elder of Trog.
             Succumbed to a killer bee's poison
             ... on level 8 of the Dungeon.
             The game lasted 00:10:37 (8116 turns).

ytrimaz the Cleaver (Minotaur Berserker)            Turns: 8116, Time: 00:10:37

Health: 0/86       AC: 13    Str: 24    XL:     10   Next: 3%
Magic:  9/9        EV: 10    Int:  7    God:    Trog [****..]
Gold:   302        SH:  0    Dex: 15    Spells: 9/9 levels left

rFire   + . .      SeeInvis .   a - +1 hand axe
rCold   . . .      Faith    .   (no shield)
rNeg    + . .      Spirit   .   t - +2 chain mail {rF+}
rPois   .          Reflect  .   (helmet restricted)
rElec   .          Harm     .   (no cloak)
rCorr   +          Rampage  .   (no gloves)
Will    +....                   (no boots)
Stlth   ..........              (no amulet)
HPRegen 0.24/turn               d - ring of resist corrosion
MPRegen 0.11/turn               j - ring "Ifushrorgh" {+Blink rN+ Will+ Int+3 Dex+4}

@: lethally poisoned (0 -> -2)
A: horns 2, retaliatory headbutt
a: Renounce Religion, Evoke Blink, Berserk, Trog's Hand, Brothers in Arms


You were on level 8 of the Dungeon.
You worshipped Trog.
Trog was greatly pleased with you.
You visited 1 branch of the dungeon, and saw 8 of its levels.

You collected 302 gold pieces.

Inventory:

Hand Weapons
 a - a +1 hand axe (weapon)
Missiles
 m - 5 curare-tipped darts (quivered)
 B - 10 poisoned darts
Armour
 t - a +2 chain mail of fire resistance (worn)
Jewellery
 d - a ring of resist corrosion (left hand)
 j - the ring "Ifushrorgh" (right hand) {+Blink rN+ Will+ Int+3 Dex+4}
   (You acquired it on level 6 of the Dungeon)

   [ring of willpower]

   Int:       It affects your intelligence (+3).
   Dex:       It affects your dexterity (+4).
   rN:        It protects you from negative energy.
   +Blink:    It lets you blink.
   Will:      It increases your willpower.
 p - a ring of protection from cold
 x - a ring of positive energy
Wands
 q - a wand of iceblast (14)
 s - a wand of paralysis (3)
 u - a wand of polymorph (10)
Scrolls
 e - a scroll of brand weapon
 g - a scroll of summoning
 h - 2 scrolls of noise
 i - a scroll of fog
 o - 2 scrolls of teleportation
 r - a scroll of enchant weapon
 y - a scroll of torment
 z - a scroll of enchant armour
 A - a scroll of silence
Potions
 b - 2 potions of curing
 c - 2 potions of attraction
 f - a potion of heal wounds
 k - a potion of flight
 l - 2 potions of ambrosia {unknown}
 n - 2 potions of brilliance {unknown}
 v - 2 potions of lignification {unknown}


   Skills:
 + Level 7.6 Fighting
 + Level 10.9 Axes
 * Level 6.0 Throwing
 + Level 9.2 Armour
 + Level 4.2 Dodging


You had 9 spell levels left.
You didn't know any spells.
Your spell library was empty.

Dungeon Overview and Level Annotations

Branches:
Dungeon (8/15)             Temple (0/1) D:6
   Lair: D:8-11

Altars:
Ashenzari
Elyvilon
Fedhas
Hepliaklqana
Uskayaw
Yredelemnul

Shops:
D:4 **


Innate Abilities, Weirdness & Mutations

You have a pair of horns on your head.
You reflexively headbutt those who attack you in melee.


Message History

Trog accepts your kill.
The killer bee stings you but does no damage. x2
You have reached level 10!
You feel very sick.
The killer bee stings you but does no damage. x2
The killer bee stings you.
You are more poisoned.
The killer bee poisons you!
The killer bee stings you but does no damage.
You see here a killer bee corpse.
You slash the killer bee!
You kill the killer bee!
Trog accepts your kill.
You closely miss the killer bee.
You feel sick. The killer bee barely misses you.
The killer bee stings you but does no damage.
You miss the killer bee. Your headbutt misses the killer bee.
The killer bee is heavily wounded.
You feel very sick. The killer bee barely misses you.
You barely miss the killer bee.
The killer bee is heavily wounded.
You feel sick. The killer bee misses you. You furiously retaliate!
You headbutt the killer bee!
You kill the killer bee!
Trog accepts your kill.
Unknown command.
You feel sick.
The gargoyle hurls a stone arrow at you.
The stone arrow hits you but does no damage.
You feel sick.
You feel sick.
You feel sick.
You feel sick.
The gargoyle hurls a stone arrow at you.
The stone arrow hits you!!
* * * LOW HITPOINT WARNING * * *
Things that are here:
a -1 halberd; a +0 animal skin; a wolf corpse You die...

#..........#
........#..#
.........#.#
.......††..##
.......9....#
............#
............##
..........#))#
#........###@#
##......## #.##
########
##....## ##.#
#......## #####
#.## ##..[..>.##
#..# #.........#
##.# #..........
#.####.....(....
#..##...........
##.##...........


You could see a gargoyle.

Vanquished Creatures
  A shadow (D:7)
  A wraith (D:5)
  A wyvern (D:7)
  Grum (D:8)
  A steam dragon (D:7)
  2 water moccasins
  A hornet zombie (D:5)
  An orc warrior (D:7)
  3 sky beasts
  4 necrophages
  A centaur (D:7)
  2 ogres
  4 wolves (D:8)
  A phantom (D:6)
  A kobold brigand (D:8)
  A scorpion (D:6)
  2 wyvern zombies
  4 killer bees (D:8)
  A centaur zombie (D:8)
  3 howler monkeys
  A jelly (D:6)
  An orc priest (D:5)
  6 hounds
  A gnoll shaman (D:7)
  A bullfrog skeleton (D:5)
  Jessica (D:3)
  4 centaur skeletons
  3 orc wizards
  Ijyb (D:4)
  Terence (D:2)
  Natasha (thrice) (D:4)
  6 iguanas
  A killer bee zombie (D:7)
  2 hound skeletons (D:4)
  A howler monkey zombie (D:6)
  Robin (D:4)
  5 gnolls (D:7)
  An adder (D:6)
  A howler monkey skeleton (D:4)
  A shadow imp (D:5)
  3 white imps (D:6)
  3 ufetubi
  2 worms
  The ghost of willcat the Sneak, a weakling HuDe (D:5)
  3 dart slugs
  22 orcs
  4 endoplasms
  3 giant cockroaches
  8 hobgoblins
  14 kobolds
  2 quokkas
  4 ball pythons
  4 bats
  5 frilled lizards
  11 goblins
  7 rats
  A spectral hobgoblin (D:6)
175 creatures vanquished.

Vanquished Creatures (others)
  A plant (D:5)
1 creature vanquished.

Grand Total: 176 creatures vanquished

Notes
Turn   | Place    | Note
-------+----------+-------------------------------------------
     0 | D:1      | ytrimaz the Minotaur Berserker began the quest for the Orb.
     0 | D:1      | Reached XP level 1. HP: 19/19 MP: 0/0
   188 | D:1      | Reached XP level 2. HP: 20/27 MP: 1/1
   286 | D:1      | Reached skill level 4 in Axes
   651 | D:1      | Found a faded altar of an unknown god.
   897 | D:2      | Reached XP level 3. HP: 33/33 MP: 2/2
  1144 | D:2      | Noticed Terence
  1157 | D:2      | Killed Terence
  1781 | D:3      | Reached XP level 4. HP: 30/41 MP: 3/3
  1893 | D:3      | Reached ** piety under Trog
  1915 | D:3      | Noticed a necrophage
  1931 | D:3      | Killed a necrophage
  1932 | D:3      | Reached skill level 5 in Axes
  1932 | D:3      | Reached skill level 1 in Throwing
  1932 | D:3      | Reached XP level 5. HP: 37/47 MP: 4/4
  2010 | D:3      | Noticed Jessica
  2023 | D:3      | Killed Jessica
  2024 | D:3      | Reached skill level 5 in Fighting
  2377 | D:4      | Noticed Natasha
  2389 | D:4      | Killed Natasha
  2454 | D:4      | Reached XP level 6. HP: 45/56 MP: 5/5
  2515 | D:4      | Found a hide-covered altar of Uskayaw.
  2741 | D:4      | Reached skill level 6 in Axes
  2781 | D:4      | Identified the +3 quarterstaff "Niykos" {vorpal, Dex+3}
  2856 | D:4      | Noticed Ijyb
  2864 | D:4      | Paralysed by Ijyb for 6 turns
  2887 | D:4      | Paralysed by Ijyb for 5 turns
  2893 | D:4      | Killed Ijyb
  3042 | D:4      | Found Upilegucw's General Store.
  3172 | D:4      | Noticed Robin
  3185 | D:4      | Killed Robin
  3240 | D:4      | Found Qenej's Lightly-Used Armoury.
  3312 | D:4      | Noticed Natasha
  3317 | D:4      | Killed Natasha
  3387 | D:4      | Found a basalt altar of Yredelemnul.
  3445 | D:4      | Found a white marble altar of Elyvilon.
  3519 | D:4      | Found a broken altar of Ashenzari.
  3523 | D:4      | Found a blossoming altar of Fedhas.
  3651 | D:4      | Noticed Natasha
  3662 | D:4      | Killed Natasha
  3663 | D:4      | Reached XP level 7. HP: 48/61 MP: 6/6
  3757 | D:5      | Entered Level 5 of the Dungeon
  3865 | D:5      | Found a runed translucent gate.
  3865 | D:5      | Found a runed translucent gate.
  3866 | D:5      | Found a runed translucent gate.
  3938 | D:5      | Found Dein's Hydra Hut.
  3943 | D:5      | Reached *** piety under Trog
  3949 | D:5      | Noticed a seven-headed hydra
  3988 | D:5      | Reached skill level 7 in Axes
  3997 | D:5      | Reached skill level 5 in Armour
  4270 | D:5      | Noticed willcat's ghost (weakling HuDe)
  4454 | D:5      | Killed willcat's ghost
  4467 | D:5      | Reached XP level 8. HP: 11/70 MP: 7/7
  4913 | D:5      | Reached skill level 8 in Axes
  5329 | D:6      | Found a staircase to the Ecumenical Temple.
  5617 | D:6      | Identified the +1 robe "Xuxie" {rF+ Slay+2}
  6179 | D:6      | Reached skill level 9 in Axes
  6286 | D:6      | Reached XP level 9. HP: 42/78 MP: 8/8
  6567 | D:6      | Found a hazy altar of Hepliaklqana.
  6654 | D:6      | Identified a scroll of acquirement
  6656 | D:6      | Acquired the ring "Ifushrorgh" {+Blink rN+ Will+ Int+3
                  | Dex+4}
  6963 | D:7      | Reached skill level 5 in Throwing
  7427 | D:7      | Reached **** piety under Trog
  7536 | D:7      | Reached skill level 10 in Axes
  7962 | D:8      | Noticed Grum
  7975 | D:8      | Killed Grum
  8105 | D:8      | Noticed a gargoyle
  8107 | D:8      | Reached XP level 10. HP: 40/86 MP: 9/9
  8115 | D:8      | HP: 1/86 [gargoyle/stone arrow (18)]
  8116 | D:8      | Succumbed to a killer bee's poison

Illustrated notes

Levels and vault maps discovered:
D:1:      minmay_arrival_four_houses, layout_rooms,
          dreamdust_ecumenical_altar_grove
D:2:      layout_basic, uniq_terence
D:3:      layout_basic, hangedman_decor_slide_cut, corner_web_ring, uniq_jessica
D:4:      layout_basic, kennysheep_ying_yang, fedhas_altar_2,
          lemuel_doored_altar, mainiacjoe_overflow_concentric_impassable,
          serial_shops, nicolae_square_shop, hangedman_decor_riveting,
          minmay_shop_damaged, uniq_natasha, uniq_ijyb, uniq_robin
D:5:      gammafunk_ghost_necromancy, layout_rooms, grunt_decor_arrowhead,
          doesnt_shop_hydraphobe
D:6:      layout_rooms, nicolae_hepliaklqana_monster_ancestors, temple_green,
          columned_hall_lemuel, hangedman_minor_gate_pass
D:7:      layout_loops_cross
D:8:      layout_cave_pods, slow_altar_2, mainiacjoe_overflow_surrounded_room,
          okawaru_metal_pillars_3, serial_park_tiny_1, minmay_misc_feat_square,
          kennysheep_generic_room_12, uniq_grum, uniq_maggie,
          uniq_prince_ribbit1

Skill      XL: |  1  2  3  4  5  6  7  8  9 |
---------------+----------------------------+-----
Axes           | 4 5 6 7 9 10 | 10.9
Fighting       | 4 5 6 7 |  7.6
Dodging        | 3 4 |  4.2
Throwing       | 1 2 3 4 6 |  6.0
Armour         | 3 4 5 7 9 |  9.2

Action                   |  1- 3 |  4- 6 |  7- 9 | 10-12 || total
-------------------------+-------+-------+-------+-------++-------
Melee: Hand axe          |    66 |   140 |   363 |     3 ||   572
       Headbutt          |    11 |    27 |    85 |       ||   123
       Unarmed           |       |     5 |       |       ||     5
Invok: Berserk           |     1 |     2 |     4 |       ||     7
  Use: Scroll            |       |       |    13 |       ||    13
       Potion            |       |       |     3 |       ||     3
 Stab: Sleeping          |     1 |       |       |       ||     1
Armor: Animal skin       |    12 |       |       |       ||    12
       Chain mail        |     1 |    83 |   195 |     5 ||   284
       Skin              |       |     2 |       |       ||     2
Dodge: Dodged            |    37 |    51 |   162 |     3 ||   253

Table legend: (Time is in decaauts)
 A = Elapsed time spent in this place.
 B = Non-inter-level travel time spent in this place.
 C = Inter-level travel time spent in this place.
 D = Time resting spent in this place.
 E = Time spent auto-exploring this place.
 F = Levels seen in this place.
 G = Mean time per level.
                   A        B        C        D        E       F      G
               +--------+--------+--------+--------+--------+-----+--------+
         Total |   8121 |   7993 |    128 |   1631 |   4954 |   8 | 1015.1 |
       Dungeon |   8121 |   7993 |    128 |   1631 |   4954 |   8 | 1015.1 |
               +--------+--------+--------+--------+--------+-----+--------+

Top non-repeatable levels by time:
     D:6: 1628 daAuts
     D:5: 1498 daAuts
     D:4: 1434 daAuts
     D:2: 1005 daAuts
     D:7: 957 daAuts
     D:1: 696 daAuts
     D:3: 648 daAuts
     D:8: 251 daAuts
